 Dungeon Crawl Stone Soup version 0.30-a0-723-gc1506a1cf0 (webtiles) character file.

Game seed: 12387474163787241346

14 Darius099 the Ruffian (level 2, 29/29 HPs)
             Began as a Troll Monk on Jan 28, 2023.
             Was a Believer of Trog.
             Got out of the dungeon alive.
             The game lasted 00:03:28 (391 turns).

Darius099 the Ruffian (Troll Monk)                   Turns: 391, Time: 00:03:28

Health: 29/29      AC:  4    Str: 18    XL:     2   Next: 27%
Magic:  1/1        EV: 10    Int:  6    God:    Trog [**....]
Gold:   57         SH:  0    Dex: 12    Spells: 1/1 levels left

rFire   . . .      SeeInvis .      - Unarmed
rCold   . . .      Faith    .    (no shield)
rNeg    . . .      Spirit   .    a - +0 robe
rPois   .          Reflect  .    (helmet restricted)
rElec   .          Harm     .    (no cloak)
rCorr   .          Rampage  .    (gloves unavailable)
Will    .....                    (boots unavailable)
Stlth   ++                       (no amulet)
HPRegen 1.04/turn                (no ring)
MPRegen 0.07/turn                (no ring)

@: no status effects
A: large, unfitting armour, claws 3, regeneration 1, shaggy fur 1, tough skin 1
a: Renounce Religion, Berserk, Trog's Hand


You escaped.
You worshipped Trog.
Trog was pleased with you.
You visited 1 branch of the dungeon, and saw 1 of its levels.

You collected 57 gold pieces.

Inventory:

Missiles
 d - 6 large rocks (quivered)
Armour
 a - a +0 robe (worn)
Jewellery
 c - a ring of flight
Scrolls
 e - a scroll of fear {unknown}
Potions
 b - a potion of ambrosia


   Skills:
 - Level 2.4 Fighting
 - Level 2.4 Dodging
 - Level 1.0 Stealth
 + Level 3.7 Unarmed Combat


You had one spell level left.
You didn't know any spells.
Your spell library was empty.

Dungeon Overview and Level Annotations

Branches:
Dungeon (1/15)

Altars:
Trog


Innate Abilities, Weirdness & Mutations

You are too large for most types of armour.
You have claws for hands.
Your natural rate of healing is unusually fast.
You are covered in fur. (AC +1)
You have tough skin. (AC +1)


Message History

No target in view!
Unknown command.
No target in view!
Unknown command.
No target in view!
Unknown command.
Key pressed, stopping explore.
Unknown command.
Unknown command.
A ball python is nearby!
Unknown command.
A ball python is nearby!
Unknown command.
A ball python is nearby!
Unknown command.
The helpless ball python fails to defend itself.
You claw the ball python!
You kill the ball python!
No target in view!
No target in view!
No target in view!
Unknown command.
Unknown command.
Unknown command.
Unknown command.
There is an open door here.
There is a faded altar of an unknown god here.
This altar belongs to (a) Nemelex Xobeh, (b) Trog or (c) Jiyva, but you can't tell which.
Press the corresponding letter to learn more about a god, or press enter to convert or escape to cancel.
Trog accepts your prayer! Trog welcomes you!
You can now go berserk at will.
You can now call upon Trog for regeneration and willpower.
You open the door.
There is an open door here.
You see here a +0 club.
There is a staircase leading out of the dungeon here.
Are you sure you want to leave the Dungeon?
This will make you lose the game!
Uppercase [Y]es or [N]o only, please.
Are you sure you want to leave the Dungeon?
This will make you lose the game!
You have escaped!

#######.. #.........# ........#
#.......# .#...##.# #.......#
.#.####.## ##.....÷.##
.........###.........###.....
..#.##...............÷....#.###
..#.##........................
....##......................# #
...###..........@...........# .#
.#..........................##..
##.###.........................#
............................##.#
##.......###.........###.......#
.#......# ##.......## ##..##..#
##......# #.......# #..#...#
.##..)..## ##.......## ##......#
.##.#....###.........###...###...


There were no monsters in sight!

Vanquished Creatures
  2 ball pythons (D:1)
  3 goblins (D:1)
  A hobgoblin (D:1)
  2 quokkas (D:1)
  2 frilled lizards (D:1)
  2 kobolds (D:1)
  A rat (D:1)
13 creatures vanquished.

Notes
Turn   | Place    | Note
-------+----------+-------------------------------------------
     0 | D:1      | Darius099 the Troll Monk began the quest for the Orb.
     0 | D:1      | Reached XP level 1. HP: 22/22 MP: 0/0
   124 | D:1      | Reached XP level 2. HP: 29/29 MP: 1/1
   131 | D:1      | Found a faded altar of an unknown god.
   346 | D:1      | Prayed at the altar of an unknown god.
   346 | D:1      | Became a worshipper of Trog the Wrathful
   346 | D:1      | Reached * piety under Trog
   346 | D:1      | Reached ** piety under Trog
   391 | D:$      | Got out of the dungeon alive.

Illustrated notes

Levels and vault maps discovered:
D:1:      minmay_arrival_four_circles, layout_basic,
          dreamdust_ecumenical_altar_angels_and_demons

Action                     || total
---------------------------++-------
  Melee: Unarmed           ||    22
   Stab: Sleeping          ||     1
 Armour: Robe              ||     4
  Dodge: Dodged            ||    10

Table legend: (Time is in decaauts)
 A = Elapsed time spent in this place.
 B = Non-inter-level travel time spent in this place.
 C = Inter-level travel time spent in this place.
 D = Time resting spent in this place.
 E = Time spent auto-exploring this place.
 F = Levels seen in this place.
 G = Mean time per level.
                   A        B        C        D        E       F      G
               +--------+--------+--------+--------+--------+-----+--------+
         Total |    390 |    298 |     92 |      0 |    152 |   1 |  390.0 |
       Dungeon |    390 |    298 |     92 |      0 |    152 |   1 |  390.0 |
               +--------+--------+--------+--------+--------+-----+--------+

Top non-repeatable levels by time:
     D:1: 390 daAuts
